 Dungeon Crawl Stone Soup version 0.28.0-53-g5a82cb258f (webtiles) character file.

Game seed: 9312987300080058462

289 Sin92 the Skirmisher (level 6, -2/48 HPs)
             Began as a Demonspawn Fighter on June 5, 2022.
             Slain by an orc priest
             ... wielding a +2 trident of venom
              (3 damage)
             ... on level 4 of the Dungeon.
             The game lasted 00:04:54 (3902 turns).

Sin92 the Skirmisher (Demonspawn Fighter)           Turns: 3902, Time: 00:04:55

Health: -2/48      AC: 10    Str: 22    XL:     6   Next: 9%
Magic:  6/6        EV:  8    Int: 10    God:
Gold:   110        SH: 11    Dex: 14    Spells: 5/5 levels left

rFire   . . .      SeeInvis .   a - +0 long sword
rCold   . . .      Faith    .   c - +0 buckler
rNeg    . . .      Spirit   .   m - +0 chain mail
rPois   +          Reflect  .   (no helmet)
rElec   .          Harm     .   e - +0 cloak
rCorr   .          Rampage  .   (no gloves)
Will    .....                   (no boots)
Stlth   ..........              (no amulet)
HPRegen 0.16/turn               f - ring of poison resistance
MPRegen 0.10/turn               i - +6 ring of strength

@: mighty, lethally poisoned (-2 -> -4)
A: large bone plates 2, ignite blood 1
a: no special abilities


You were on level 4 of the Dungeon.
You visited 1 branch of the dungeon, and saw 4 of its levels.

You collected 110 gold pieces.

Inventory:

Hand Weapons
 a - a +0 long sword (weapon)
Armour
 b - a +0 scale mail
 c - a +0 buckler (worn)
 e - a +0 cloak (worn)
 m - a +0 chain mail (worn)
Jewellery
 f - a ring of poison resistance (left hand)
 h - a ring of positive energy
 i - a +6 ring of strength (right hand)
Scrolls
 l - 2 scrolls of identify
 n - a scroll of fog {unknown}
Potions
 d - a potion of might
 j - a potion of attraction {unknown}
 k - a potion of degeneration


   Skills:
 + Level 4.0 Fighting
 + Level 3.0 Long Blades
 + Level 3.6 Armour
 + Level 2.2 Dodging
 + Level 3.6 Shields


You had 5 spell levels left.
You didn't know any spells.
Your spell library contained the following spells:

 Spells                   Type           Power      Damage    Failure   Level
 Sting                    Tmut/Pois      0%         1d3       99%         1
 Poisonous Vapours        Pois/Air       0%         N/A       100%        2
 Summon Guardian Golem    Hex/Summ       0%         N/A       100%        3
 Olgreb's Toxic Radiance  Pois           0%         N/A       100%        4
 Orb of Destruction       Conj           0%         9d5       100%        7
 Spellforged Servitor     Conj/Summ      0%         N/A       100%        7


Dungeon Overview and Level Annotations

Branches:
Dungeon (4/15)             Temple (0/1) D:4

Altars:
Dithmenos
Hepliaklqana
Trog
Wu Jian

Shops:
D:1 (


Innate Abilities, Weirdness & Mutations

You are mostly covered in large bone plates. (SH +6)
Your demonic aura sometimes causes spilled blood to erupt in flames.


Message History

You are poisoned.
You see here a ring of wizardry.
There are monsters nearby!
You hit the orc priest but do no damage.
You feel very sick.
The orc priest hits you with a +2 trident of venom.
Unknown command.
You hit the orc priest but do no damage.
You feel very sick.
The orc priest hits you but does no damage. x2
You are more poisoned.
You hit the orc priest but do no damage.
You feel sick. The orc priest barely misses you.
You hit the orc priest but do no damage.
You feel very sick.
The orc priest calls down the wrath of Beogh upon you.
Beogh smites you! The orc hits you with a +0 dagger.
You are too injured to fight recklessly!
Unknown command.
You are too injured to fight recklessly!
You are too injured to fight recklessly!
Unknown command.
You are too injured to fight recklessly!
You feel very mighty all of a sudden.
You feel sick.
The orc priest invokes the aid of Beogh against you.
Pain shoots through your body! You block the orc's attack.
You slash the orc priest!
The orc priest is almost dead.
You feel sick.
The orc priest hits you but does no damage.
You block the orc's attack.
The orc priest invokes the aid of Beogh against you.
Pain shoots through your body!
* * * LOW HITPOINT WARNING * * *
It was a potion of magic.
Magic courses through your body.
* * * LOW HITPOINT WARNING * * *
You feel sick. You block the orc's attack.
The orc priest hits you with a +2 trident of venom.
You die...

#.............#............##...
####>.........#............##...
.# #..........#....).......##...
.. ..........#..(.........##...
.. .................####... ..
.................# .... ..
.....)..########## .?
............... ..
.####..@....... #.
#.....oo...... .. +...........$.
........ #............. ........
.....>###....## ....#... #....#
...... ........ ..... ......
........ .###. ...... ........ #


You could see an orc priest and an orc.

Vanquished Creatures
  Crazy Yiuf (D:2)
  A jelly (D:4)
  Terence (D:3)
  Natasha (thrice) (D:3)
  3 adders
  4 gnolls (D:4)
  2 worms
  2 orcs
  3 ball pythons
  2 bats
  5 endoplasms
  3 giant cockroaches
  10 goblins
  2 jackals (D:3)
  4 quokkas
  A frilled lizard (D:3)
  9 kobolds
  A quokka skeleton (D:4)
  2 rats
59 creatures vanquished.

Vanquished Creatures (others)
  4 toadstools (D:1)
4 creatures vanquished.

Grand Total: 63 creatures vanquished

Notes
Turn   | Place    | Note
-------+----------+-------------------------------------------
     0 | D:1      | Sin92 the Demonspawn Fighter began the quest for the Orb.
     0 | D:1      | Reached XP level 1. HP: 18/18 MP: 1/1
   186 | D:1      | Found a faded altar of an unknown god.
   361 | D:1      | Gained mutation: You are partially covered in large bone
                  | plates. (SH +4) [demonic ancestry]
   361 | D:1      | Reached XP level 2. HP: 11/24 MP: 2/2
   535 | D:1      | Found Aczigidu's Weapon Shop.
  1041 | D:2      | Reached XP level 3. HP: 21/29 MP: 3/3
  1124 | D:2      | Found a hazy altar of Hepliaklqana.
  1155 | D:2      | Reached skill level 1 in Dodging
  1469 | D:2      | Found a runed translucent door.
  1470 | D:2      | Noticed Crazy Yiuf
  1771 | D:2      | Killed Crazy Yiuf
  1772 | D:2      | Gained mutation: You are mostly covered in large bone
                  | plates. (SH +6) [demonic ancestry]
  1772 | D:2      | Reached XP level 4. HP: 26/35 MP: 4/4
  1891 | D:3      | Noticed Natasha
  1906 | D:3      | Killed Natasha
  2229 | D:3      | You fall into a shaft and drop 1 floor!
  2292 | D:4      | Found a bloodstained altar of Trog.
  2304 | D:4      | Found a shadowy altar of Dithmenos.
  2340 | D:3      | Noticed Natasha
  2355 | D:3      | Killed Natasha
  2759 | D:3      | Gained mutation: Your demonic aura sometimes causes spilled
                  | blood to erupt in flames. [demonic ancestry]
  2759 | D:3      | Reached XP level 5. HP: 42/42 MP: 5/5
  2782 | D:3      | Found an ornate altar of the Wu Jian Council.
  3101 | D:3      | Noticed Natasha
  3121 | D:3      | Killed Natasha
  3434 | D:3      | Noticed Terence
  3442 | D:3      | Killed Terence
  3721 | D:4      | Reached skill level 4 in Fighting
  3721 | D:4      | Reached XP level 6. HP: 38/48 MP: 6/6
  3892 | D:4      | Found a staircase to the Ecumenical Temple.
  3901 | D:4      | HP: 1/48 [orc priest/nerve-wracking pain (14)]
  3902 | D:4      | Slain by an orc priest

Illustrated notes

Levels and vault maps discovered:
D:1:      ldierk_water_garden, layout_basic, chequers_ecumenical_altar_simple,
          serial_shops, nicolae_shop_bloodbath_and_beyond
D:2:      layout_basic, basic_altar, serial_rivers,
          chequers_serial_rivers_micro_c, chequers_serial_rivers_large_a,
          chequers_serial_rivers_small_3, chequers_serial_rivers_micro_b,
          chequers_serial_rivers_small_a, uniq_crazy_yiuf_cottage
D:3:      layout_basic, mainiacjoe_overflow_concentric_impassable, uniq_natasha,
          uniq_terence
D:4:      layout_basic, lemuel_doored_altar, minitemple,
          minmay_temple_entry_proselytizer

Skill      XL: |  1  2  3  4  5  6 |
---------------+-------------------+-----
Long Blades    | 2 3 |  3.0
Armour         | 3 |  3.6
Dodging        | 1 2 |  2.2
Shields        | 3 |  3.6
Fighting       | 4 |  4.0

Action                   |  1- 3 |  4- 6 || total
-------------------------+-------+-------++-------
Melee: Long sword        |   103 |   141 ||   244
  Use: Scroll            |     4 |       ||     4
       Potion            |       |     3 ||     3
Armor: Scale mail        |    42 |    39 ||    81
       Chain mail        |       |    21 ||    21
Dodge: Dodged            |    48 |    57 ||   105
Block: Buckler           |    46 |   111 ||   157
